 Dungeon Crawl Stone Soup version 0.31.0-1-g2c135a008e (webtiles) character file.

Game seed: 9890894777048868051

311 qw the Shooter (level 6, -1/47 HPs)
             Began as a Djinni Hunter on Jan 23, 2024.
             Killed from afar by a white imp (13 damage)
             ... with a puff of frost
             ... on level 4 of the Dungeon.
             The game lasted 00:00:11 (2943 turns).

qw the Shooter (Djinni Hunter)                      Turns: 2943, Time: 00:00:11

Health: -1/47      AC:  4    Str: 10      XL:     6   Next: 70%
Gold:   94         EV: 13    Int: 11      God:
                   SH:  0    Dex: 14 (16)

rFire   + + .        a - +0 shortbow
rCold   x . .        (shield currently unavailable)
rNeg    . . .        c - +0 leather armour
rPois   inf          (no helmet)
rElec   .            (no cloak)
rCorr   .            i - +0 pair of gloves
SInv    +            (boots unavailable)
Will    .....        (no amulet)
Stlth   +            (no ring)
HPRegen 0.27/turn    (no ring)
MPRegen 0.00/turn

%: infuse magic (-2 HP)
@: flying
A: sickness immunity, fire resistance 2, cold vulnerability 1, float, innate
caster, HP casting, extra vitality 1, see invisible, clumsy 1
a: no special abilities


You were on level 4 of the Dungeon.
You visited 1 branch of the dungeon, and saw 4 of its levels.
You also visited: Sewer.

You collected 94 gold pieces.


Innate Abilities, Weirdness & Mutations

You are immune to sickness and miasma.
You are immune to poison.
Your flesh is very heat resistant. (rF++)
You are vulnerable to cold. (rC-)
You float through the air rather than walking.
You learn spells naturally, not from books.
Your magical power is your life essence.
You have superior vitality. (+4 MHP)
You have supernaturally acute eyesight. (SInv)
You are clumsy. (Dex -2)


   Skills:
 - Level 4.3 Fighting
 + Level 4.4 Ranged Weapons
 - Level 4.2 Dodging
 - Level 0.7 Stealth


You knew the following spells:

 Your Spells              Type           Power      Damage    Failure   Level
a - Freeze                Ice            0%         1d3       43%         1
b - Static Discharge      Conj/Air       0%         3-3/arc   58%         2
Your spell library was empty.

Inventory:

Hand Weapons
 a - a +0 shortbow (weapon)
Armour
 c - a +0 leather armour (worn)
 i - a +0 pair of gloves (worn)
Wands
 b - a wand of iceblast (15)
Potions
 g - 4 potions of curing

Dungeon Overview and Level Annotations

Branches:
Dungeon (4/15)              Sewer (visited)
 Temple: D:4-7

Altars:
Ashenzari
Hepliaklqana
Trog


Message History

The arrow hits the iguana but does no damage.
The iguana is heavily wounded.
The iguana barely misses you.
You shoot an arrow. The arrow barely misses the iguana.
Your surroundings suddenly seem different.
Found 4 gold pieces.
You start resting.
A kobold comes into view. It is wielding a +0 war axe.
You shoot an arrow. The kobold shouts!
The arrow hits the kobold!
You kill the kobold!
You hear a chilling moan.
Something shouts, "Scamper away, thou jarring half-faced snake-molt!"
A quasit comes into view.
You shoot an arrow. The arrow hits the quasit.
The quasit is moderately wounded.
A white imp comes into view.
You shoot an arrow. The arrow closely misses the quasit.
You shoot an arrow. The arrow misses the quasit.
The arrow hits the white imp!
The white imp is severely wounded.
The quasit barely misses you. The quasit closely misses you.
The quasit completely misses you.
You shoot an arrow. The arrow barely misses the quasit.
The arrow barely misses the white imp.
You hear an angry hiss.
A shadow imp comes into view.
The white imp spits at you.
The quasit bites you but does no damage.
The quasit claws you but does no damage.
The quasit completely misses you.
2942 ||| RETREEEEATING.
The quasit attacks as it pursues you! The quasit completely misses you.
The quasit claws you. The quasit barely misses you.
The quasit bites you but does no damage.
The quasit claws you but does no damage. x2
2943 ||| RETREEEEATING.
The white imp gestures at you. The puff of frost hits you!
You feel a terrible chill!
You die...

.. #..# .# .
#..####l#
.#########.......#
............######
#.l##.......#
#$#####..##...###.#
#.....5..##...# #.#
#...5.5..####)###.#
.....###@$# #.....#
##. #........####
#.######## #.# #.#
..# ###


You could see an iguana, a quasit, a white imp and a shadow imp.

Vanquished Creatures
  An ogre (D:3)
  A phantom (D:3)
  A quasit (D:4)
  Ijyb (D:4)
  2 adders
  A river rat (Sewer)
  2 ribbon worms
  3 orcs (D:3)
  8 ball pythons
  7 endoplasms
  3 giant cockroaches
  3 goblins (D:3)
  3 hobgoblins
  A quokka (D:1)
  6 bats
  4 frilled lizards
  10 kobolds
  5 rats
62 creatures vanquished.

Notes
Turn   | Place    | Note
-------+----------+-------------------------------------------
     0 | D:1      | qw the Djinni Hunter began the quest for the Orb.
     0 | D:1      | Reached XP level 1. HP: 18/18 MP: 0/0
     0 | D:1      | 0 ||| qw: Version: 0.3-a-135-gb77e89d
     0 | D:1      | 0 ||| qw: Game counter: 930
     0 | D:1      | 0 ||| qw: Melee chars always use a shield: true
     0 | D:1      | 0 ||| qw: God list: Okawaru
     0 | D:1      | 0 ||| qw: Allow faded altars: false
     0 | D:1      | 0 ||| qw: Do Orc after clearing Dungeon:15 true
     0 | D:1      | 0 ||| qw: Do second Lair branch before Depths: true
     0 | D:1      | 0 ||| qw: Lair rune preference: random
     0 | D:1      | 0 ||| qw: Goals: Normal
     0 | D:1      | 0 ||| PLANNING D:1-11
    79 | D:1      | Reached XP level 2. HP: 23/23 MP: 0/0
   398 | D:1      | 398 ||| READING scroll labelled VIOSIH PEPNUZURR.
   499 | D:1      | 499 ||| READING scroll labelled XABI LESAIMNUWN.
   499 | D:1      | 499 ||| IDENTIFYING fuming puce potion
   500 | D:1      | 500 ||| READING 3 scrolls labelled FISSUNNUFU.
   542 | D:1      | 542 ||| DROPPING scroll of butterflies.
   543 | D:1      | 543 ||| DROPPING 2 scrolls of torment.
   544 | D:1      | 544 ||| DROPPING potion of berserk rage.
   653 | D:2      | Reached XP level 3. HP: 28/28 MP: 0/0
   653 | D:2      | Learned a level 1 spell: Freeze
  1105 | D:2      | Found a bloodstained altar of Trog.
  1477 | D:2      | 1477 ||| UPGRADING to +0 pair of gloves.
  1482 | D:2      | 1482 ||| READING 4 scrolls of identify.
  1482 | D:2      | 1482 ||| IDENTIFYING fizzy amethyst potion
  1483 | D:2      | 1483 ||| READING 3 scrolls of identify.
  1483 | D:2      | 1483 ||| IDENTIFYING brown potion
  1484 | D:2      | 1484 ||| DRINKING potion of mutation.
  1484 | D:2      | Gained mutation: You have supernaturally acute eyesight.
                  | (SInv) [potion of mutation]
  1484 | D:2      | Gained mutation: You are clumsy. (Dex -2) [potion of
                  | mutation]
  1485 | D:2      | 1485 ||| READING 2 scrolls of identify.
  1485 | D:2      | 1485 ||| IDENTIFYING bubbling golden potion
  1486 | D:2      | 1486 ||| READING scroll of identify.
  1486 | D:2      | 1486 ||| IDENTIFYING 3 fuming amethyst potions
  1487 | D:2      | 1487 ||| READING scroll labelled SEKIRPH YVISO.
  1488 | D:2      | 1488 ||| READING 2 scrolls labelled CIROTI UCWOUX.
  1489 | D:2      | 1489 ||| READING 2 scrolls labelled RUIZXI KUTHRIBB.
  1494 | D:2      | 1494 ||| DROPPING potion of attraction.
  1495 | D:2      | 1495 ||| DROPPING scroll of blinking.
  1496 | D:2      | 1496 ||| DROPPING potion of lignification.
  1540 | D:3      | 1540 ||| PLANNING SEWER
  1624 | D:3      | Reached XP level 4. HP: 34/34 MP: 0/0
  1664 | D:3      | Found a hazy altar of Hepliaklqana.
  1735 | D:3      | Noticed an ogre
  1742 | D:3      | Killed an ogre
  1743 | D:3      | Reached XP level 5. HP: 21/41 MP: 0/0
  1743 | D:3      | Learned a level 2 spell: Static Discharge
  1902 | D:3      | Found a broken altar of Ashenzari.
  1991 | D:3      | Found a glowing drain.
  1992 | D:3      | 1992 ||| READING scroll of identify.
  1992 | D:3      | 1992 ||| IDENTIFYING glowing silvery potion
  1993 | D:3      | 1993 ||| READING 4 scrolls labelled MUP AXTITOTHEENE.
  1994 | D:3      | 1994 ||| READING scroll labelled JUS WOCYOD.
  2095 | D:3      | 2095 ||| DROPPING 3 scrolls of noise.
  2099 | Sewer    | Entered a sewer
  2210 | D:3      | 2210 ||| PLANNING D:1-11
  2504 | D:3      | Noticed a phantom
  2521 | D:3      | Killed a phantom
  2522 | D:3      | Reached XP level 6. HP: 27/47 MP: 0/0
  2682 | D:4      | 2682 ||| STAIRDANCE
  2698 | D:4      | HP: 5/47 [frozen (7)]
  2699 | D:4      | 2699 ||| READING 2 scrolls of teleportation.
  2700 | D:4      | 2700 ||| DRINKING potion of heal wounds.
  2784 | D:4      | Noticed Ijyb
  2815 | D:4      | Killed Ijyb
  2915 | D:4      | HP: 7/47 [iguana (5)]
  2916 | D:4      | 2916 ||| READING scroll of teleportation.
  2942 | D:4      | 2942 ||| RETREEEEATING.
  2943 | D:4      | 2943 ||| RETREEEEATING.
  2943 | D:4      | Killed from afar by a white imp

Levels and vault maps discovered:
D:1:      dpeg_arrival_shelter, layout_basic, chequers_serial_rivers_micro_b,
          chequers_serial_rivers_micro_c
D:2:      layout_basic, basic_altar
D:3:      layout_loops_ring, lemuel_coloured_pillars_altar,
          nicolae_vehumet_radiance, mainiacjoe_overflow_brackets,
          mainiacjoe_sewer_entry_somewhere_in_here_1
D:4:      layout_loops_cross, lemuel_tele_altar, serial_demonic,
          serial_demonic_d, serial_demonic_b, serial_demonic_d,
          serial_demonic_f, serial_demonic_d, serial_demonic_a,
          serial_demonic_a, hellmonk_no_cap, uniq_ijyb

Skill      XL: |  1  2  3  4  5 |
---------------+----------------+-----
Ranged Weapons | 4 |  4.4
Fighting       | 4 |  4.3
Dodging        | 4 |  4.2
Stealth        | |  0.7

Action                     |  1- 3 |  4- 6 || total
---------------------------+-------+-------++-------
   Fire: Shortbow          |   105 |   131 ||   236
    Use: Scroll            |    10 |     5 ||    15
         Potion            |     1 |     1 ||     2
 Armour: Leather armour    |    19 |    91 ||   110
  Dodge: Dodged            |    19 |    73 ||    92

Table legend:
 A = Non-vault XP
 B = Vault XP
 C = Vault XP percentage of total XP
 D = Non-vault monster count
 E = Vault monster count
 F = Vault count percentage of total count
                 A         B        C        D         E       F
            +---------+---------+-------+---------+---------+-------
      Total |     343 |     102 |  22.9 |      54 |       8 |  12.9
            +---------+---------+-------+---------+---------+-------
        D:1 |      22 |       0 |   0.0 |      15 |       0 |   0.0
        D:2 |      38 |       0 |   0.0 |      16 |       0 |   0.0
        D:3 |     281 |       8 |   2.8 |      22 |       5 |  18.5
        D:4 |       2 |      81 |  97.6 |       1 |       2 |  66.7
      Sewer |       0 |      13 | 100.0 |       0 |       1 | 100.0
            +---------+---------+-------+---------+---------+-------
